 Dungeon Crawl Stone Soup version 0.29-a0-504-gec6baf379c (webtiles) character file.

Game seed: 11661847939363273989

176 Colgate the Sneak (level 5, -2/33 HPs)
             Began as a Kobold Brigand on May 28, 2022.
             Was a Follower of Yredelemnul.
             Slain by Pikel
             ... wielding a +2 whip of flaming
              (6 damage)
             ... on level 4 of the Dungeon.
             The game lasted 00:07:12 (3319 turns).

Colgate the Sneak (Kobold Brigand)                  Turns: 3319, Time: 00:07:12

Health: -2/33      AC:  6    Str:  8    XL:     5   Next: 86%
Magic:  5/5        EV: 14    Int: 12    God:    Yredelemnul [*.....]
Gold:   156        SH:  5    Dex: 19    Spells: 4/4 levels left

rFire   . . .      SeeInvis .   f - +2 dagger (venom)
rCold   . . .      Faith    .   p - +0 buckler
rNeg    . . .      Spirit   .   b - +0 robe
rPois   +          Reflect  .   (no helmet)
rElec   .          Harm     .   c - +0 cloak
rCorr   .          Rampage  .   (no gloves)
Will    .....                   s - +2 pair of boots
Stlth   +++++.....              (no amulet)
HPRegen 0.11/turn               j - ring of poison resistance
MPRegen 0.09/turn               (no ring)

@: no status effects
A: small, no large weapons, nightstalker 3
a: Renounce Religion, Recall Undead Harvest


You were on level 4 of the Dungeon.
You worshipped Yredelemnul.
Yredelemnul was noncommittal.
You visited 1 branch of the dungeon, and saw 4 of its levels.

You collected 156 gold pieces.

Inventory:

Hand Weapons
 a - a +2 dagger
 f - a +2 dagger of venom (weapon)
 B - the +10 short sword of Odoapesi {venom, rF+ Int+4}
   (You found it on level 3 of the Dungeon)

   It poisons the flesh of those it strikes.
   Int:       It affects your intelligence (+4).
   rF:        It protects you from fire.
Missiles
 d - 17 poisoned darts (quivered)
 e - 3 curare-tipped darts
Armour
 b - a +0 robe (worn)
 c - a +0 cloak (worn)
 p - a +0 buckler (worn)
 s - a +2 pair of boots (worn)
Jewellery
 j - a ring of poison resistance (left hand)
Scrolls
 g - a scroll of fear {unknown}
 h - a scroll of amnesia {unknown}
 k - a scroll of fog {unknown}
 l - a scroll of noise {unknown}
 n - a scroll of silence {unknown}
 r - a scroll of blinking {unknown}
 t - a scroll of magic mapping {unknown}
 x - a scroll of poison {unknown}
 y - 2 scrolls of teleportation {@r3}
 z - a scroll of immolation {unknown}
Potions
 i - 3 potions of heal wounds {@q2}
 o - 2 potions of berserk rage {unknown}
 q - a potion of mutation
 u - a potion of might {unknown}
 v - 3 potions of invisibility
 w - a potion of brilliance {unknown}
 A - a potion of haste {unknown}


   Skills:
 - Level 4.0 Fighting
 + Level 4.2 Short Blades
 - Level 2.1 Throwing
 - Level 2.0 Dodging
 - Level 6.9 Stealth


You had 4 spell levels left.
You didn't know any spells.
Your spell library contained the following spells:

 Spells                   Type           Power      Damage    Failure   Level
 Summon Small Mammal      Summ           0%         N/A       45%         1
 Call Canine Familiar     Summ           0%         N/A       83%         3
 Summon Guardian Golem    Hex/Summ       0%         N/A       83%         3


Dungeon Overview and Level Annotations

Branches:
Dungeon (4/15)
 Temple: D:4-7

Altars:
Gozag
Yredelemnul

Annotations:
D:4 Pikel


Innate Abilities, Weirdness & Mutations

You are small and have problems with some larger weapons.
You are completely attuned to the shadows.


Message History

You stick the lemure like a pincushion!!!
You kill the lemure!
That felt strangely unrewarding.
Pikel and 2 lemures come into view.
Pikel is wielding a +2 whip of flaming.
The lemure shouts! x3; Pikel shouts!
The lemure barely misses you. Pikel misses you.
You hit Pikel.
Pikel is poisoned.
The lemure hits you.
Pikel says, "I'm sure they'll be treated well, anyway."
Pikel hits you with a +2 whip of flaming.
Pikel burns you.
Your ogre zombie hits the lemure!
You hit Pikel but do no damage.
Pikel looks as sick as possible!
The lemure hits you but does no damage.
Pikel hits you with a +2 whip of flaming!
Pikel burns you.
You hit Pikel but do no damage. The lemure hits you. Pikel barely misses you.
You hit Pikel but do no damage.
Pikel looks as sick as possible!
Your ogre zombie barely misses the lemure.
The lemure hits you. Pikel barely misses you.
You hit Pikel.
Pikel looks as sick as possible!
The lemure hits you but does no damage.
Pikel says, "You'll burn in Gehenna!"
Pikel completely misses you.
You hit Pikel but do no damage.
Pikel looks as sick as possible!
Your ogre zombie hits the lemure!
The lemure hits your ogre zombie. Pikel misses you.
You hit Pikel.
Pikel looks as sick as possible!
You hit Pikel. The lemure hits your ogre zombie.
Pikel hits you with a +2 whip of flaming.
Pikel burns you.
Your ogre zombie hits the lemure.
You hit Pikel but do no damage.
Pikel looks as sick as possible!
The lemure hits your ogre zombie!
Pikel hits you with a +2 whip of flaming!
* * * LOW HITPOINT WARNING * * *
Pikel burns you.
* * * LOW HITPOINT WARNING * * *
Pikel attacks as you move away!
Pikel hits you with a +2 whip of flaming.
You die...
Your body rises from the dead as a mindless zombie.

##...## .....#
###..# #..#
###..### #.#
.>.....# #5#
.......# #5#
.#...#Z# #K#
.....#.#########@#
######........Z.5#
#############


You could see Pikel (extremely poisoned), 3 lemures, a friendly goblin zombie
and a friendly ogre zombie.

Vanquished Creatures
  An ogre (D:4)
  A lemure (D:4)
  3 adders
  4 worms
  A dart slug (D:2)
  3 endoplasms
  A giant cockroach (D:2)
  8 goblins
  A hobgoblin (D:1)
  3 jackals (D:1)
  5 quokkas
  5 ball pythons
  3 bats
  2 frilled lizards
  3 kobolds
  7 rats
  A spectral kobold (D:1)
52 creatures vanquished.

Vanquished Creatures (collateral kills)
  An endoplasm (D:1)
  A rat (D:2)
2 creatures vanquished.

Vanquished Creatures (others)
  A bat zombie (D:2)
  An endoplasm zombie (D:2)
2 creatures vanquished.

Grand Total: 56 creatures vanquished

Notes
Turn   | Place    | Note
-------+----------+-------------------------------------------
     0 | D:1      | Colgate the Kobold Brigand began the quest for the Orb.
     0 | D:1      | Reached XP level 1. HP: 12/12 MP: 1/1
   163 | D:1      | Reached XP level 2. HP: 17/17 MP: 2/2
   438 | D:1      | Reached XP level 3. HP: 22/22 MP: 3/3
   608 | D:1      | Found a faded altar of an unknown god.
   611 | D:1      | Prayed at the altar of an unknown god.
   611 | D:1      | Became a worshipper of Yredelemnul the Dark
   611 | D:1      | Reached * piety under Yredelemnul
  1920 | D:2      | Reached ** piety under Yredelemnul
  2316 | D:3      | Reached XP level 4. HP: 28/28 MP: 4/4
  2865 | D:3      | Found an opulent altar of Gozag.
  2930 | D:3      | Identified the +10 short sword of Odoapesi {venom, rF+
                  | Int+4}
  3231 | D:4      | Noticed an ogre
  3235 | D:4      | Killed an ogre
  3236 | D:4      | Reached skill level 6 in Stealth
  3236 | D:4      | Reached XP level 5. HP: 33/33 MP: 5/5
  3303 | D:4      | Noticed a lemure
  3304 | D:4      | Noticed a lemure
  3307 | D:4      | Killed a lemure
  3308 | D:4      | Noticed Pikel
  3308 | D:4      | Noticed a lemure
  3308 | D:4      | Noticed a lemure
  3319 | D:4      | Slain by Pikel

Illustrated notes

Levels and vault maps discovered:
D:1:      lordsloth_arrival_two_stooges, layout_basic,
          dreamdust_ecumenical_altar_drowned_temple, minivault_23,
          kennysheep_boxes
D:2:      layout_loops_corners, nrook_mini_backslash
D:3:      layout_basic, grunt_gozag_breadcrumbs, minmay_misc_feat_nine_boxes
D:4:      kennysheep_spiral_hall, layout_loops_corners, uniq_pikel

Skill      XL: |  1  2  3  4 |
---------------+-------------+-----
Short Blades   | 3 4 |  4.2
Fighting       | 3 4 |  4.0
Dodging        | 2 |  2.0
Stealth        | 6 |  6.9
Throwing       | |  2.1

Action                   |  1- 3 |  4- 6 || total
-------------------------+-------+-------++-------
Melee: Dagger            |    62 |    35 ||    97
  Use: Scroll            |     3 |     3 ||     6
 Stab: Sleeping          |    18 |    10 ||    28
Armor: Robe              |     5 |     5 ||    10
Dodge: Dodged            |    29 |    10 ||    39
Block: Buckler           |       |     3 ||     3

Table legend: (Time is in decaauts)
 A = Elapsed time spent in this place.
 B = Non-inter-level travel time spent in this place.
 C = Inter-level travel time spent in this place.
 D = Time resting spent in this place.
 E = Time spent auto-exploring this place.
 F = Levels seen in this place.
 G = Mean time per level.
                   A        B        C        D        E       F      G
               +--------+--------+--------+--------+--------+-----+--------+
         Total |   4742 |   4322 |    420 |      0 |   3946 |   4 | 1185.5 |
       Dungeon |   4742 |   4322 |    420 |      0 |   3946 |   4 | 1185.5 |
               +--------+--------+--------+--------+--------+-----+--------+

Top non-repeatable levels by time:
     D:2: 2082 daAuts
     D:3: 1724 daAuts
     D:1: 825 daAuts
     D:4: 110 daAuts
